 Dungeon Crawl Stone Soup version 0.32-a0-473-gd044c6f0f0 (webtiles) character file.

Game seed: 13745743359026793711

158 Sobieck the Conjurer (level 5, -4/45 HPs)
             Began as an Oni Conjurer on Feb 25, 2024.
             Slain by a gnoll
             ... wielding a +0 flail
              (10 damage)
             ... on level 3 of the Dungeon.
             The game lasted 00:02:56 (2806 turns).

Sobieck the Conjurer (Oni Conjurer)                 Turns: 2806, Time: 00:02:57

Health: -4/45      AC:  4    Str: 11    XL:     5   Next: 40%
Magic:  3/11       EV:  9    Int: 21    God:
Gold:   128        SH:  0    Dex:  7    Spells: 6/13 levels left

rFire   . . .        l - +7 Throatcutter {drain, coup de grace}
rCold   . . .        (no shield)
rNeg    . . .        a - +0 robe
rPois   .            (helmet restricted)
rElec   .            c - +0 cloak
rCorr   .            (gloves unavailable)
SInv    .            (boots unavailable)
Will    .....        (no amulet)
Stlth   +            (no ring)
HPRegen 0.27/turn    (no ring)
MPRegen 0.12/turn

%: no passive effects
@: no status effects
A: large, unfitting armour, horns 1, tough skin 1, double potion healing,
drunken brawling
a: no special abilities


You were on level 3 of the Dungeon.
You visited 1 branch of the dungeon, and saw 3 of its levels.

You collected 128 gold pieces.

Inventory:

Hand Weapons
 d - a +0 short sword
 k - a +0 dagger
 l - the +7 Throatcutter (weapon) {drain, coup de grace}
   (You took it off Terence on level 2 of the Dungeon)
Armour
 a - a +0 robe (worn)
 c - a +0 cloak (worn)
Scrolls
 e - 2 scrolls of identify {unknown}
 f - 3 scrolls of teleportation {unknown}
 j - 2 scrolls of amnesia {unknown}
Potions
 b - a potion of magic
 g - 3 potions of curing {unknown}
 h - 3 potions of enlightenment {unknown}
 i - 2 potions of mutation {unknown}


   Skills:
 - Level 1.7 Dodging
 - Level 1.4 Stealth
 + Level 4.5 Spellcasting
 + Level 4.8 Conjurations
 + Level 0.6 Hexes


You had 6 spell levels left.
You knew the following spells:

 Your Spells              Type           Power      Damage    Failure   Level
a - Magic Dart            Conj           100%       1d8       1%          1
b - Searing Ray           Conj           50%        2d6       2%          2
c - Fulminant Prism       Conj/Alch      7%         3d7       38%         4

Your spell library contained the following spells:

 Spells                   Type           Power      Damage    Failure   Level
 Iskenderun's Mystic Bla  Conj/Tloc      14%        2d5       38%         4


Dungeon Overview and Level Annotations

Branches:
Dungeon (3/15)

Altars:

Annotations:
D:1 fire vault


Innate Abilities, Weirdness & Mutations

You are too large for most types of armour.
You have a pair of small horns on your head.
You have tough skin. (AC +1)
You gain doubled healing and magic from potions.
Whenever you drink a healing potion, you attack all around you.


Message History

The magic dart hits the orc.
The orc is moderately wounded.
The magic dart hits the orc.
The orc is almost dead.
The magic dart hits the orc.
You kill the orc!
You can't see any susceptible monsters within range! (Use Z to cast anyway.)
A gnoll comes into view. It is wielding a +0 flail.
The magic dart hits the gnoll.
The gnoll is moderately wounded.
The gnoll shouts!
The magic dart hits the gnoll.
The gnoll is severely wounded.
A gnoll comes into view. It is wielding a +0 whip.
The magic dart hits the gnoll.
The gnoll is almost dead.
A gnoll comes into view. It is wielding a +0 flail.
The magic dart hits the gnoll.
You kill the gnoll!
The gnoll shouts!
The magic dart hits the gnoll!
The gnoll is heavily wounded.
The magic dart hits the gnoll.
The gnoll is almost dead.
The magic dart hits the gnoll.
You kill the gnoll!
A gnoll comes into view. It is wielding a +0 flail.
The magic dart hits the gnoll but does no damage.
The magic dart hits the gnoll but does no damage.
The gnoll hits you with a +0 flail!
You hit the gnoll. You headbutt the gnoll.
The gnoll is moderately wounded.
The gnoll hits you with a +0 flail.
You closely miss the gnoll.
The gnoll is moderately wounded.
The gnoll hits you with a +0 flail!
* * * LOW HITPOINT WARNING * * *
The gnoll hits you with a +0 flail!
* * * LOW HITPOINT WARNING * * *
You are too injured to fight recklessly!
You are too injured to fight recklessly!
You are too injured to fight recklessly!
Unknown command.
Unknown command.
The gnoll attacks as it pursues you! The gnoll closely misses you.
The gnoll attacks as it pursues you! The gnoll hits you with a +0 flail!
* * * LOW HITPOINT WARNING * * *
You see here a ribbon worm corpse.
The gnoll attacks as it pursues you! The gnoll hits you with a +0 flail!
You die...

....## #)..##
#)..# #...+
#...# . #..##
#.. ##.g#
....#####g†##
#........@##
###.....##
#####.# ##.##
##...## #.....#
######...##
........#######
#####.#........


You could see 2 gnolls.

Vanquished Creatures
  Terence (D:2)
  2 gnolls (D:3)
  4 adders
  A dart slug (D:1)
  2 ribbon worms
  4 orcs (D:3)
  5 endoplasms
  3 giant cockroaches
  8 goblins
  11 hobgoblins
  3 kobolds
  2 quokkas
  6 ball pythons
  4 bats (D:1)
  3 frilled lizards
  2 rats (D:2)
61 creatures vanquished.

Notes
Turn   | Place    | Note
-------+----------+-------------------------------------------
     0 | D:1      | Sobieck the Oni Conjurer began the quest for the Orb.
     0 | D:1      | Reached XP level 1. HP: 16/16 MP: 3/3
   176 | D:1      | Reached XP level 2. HP: 24/24 MP: 3/5
   320 | D:1      | Reached skill level 3 in Spellcasting
   328 | D:1      | Learned a level 2 spell: Searing Ray
   701 | D:1      | Reached XP level 3. HP: 31/31 MP: 4/7
  1418 | D:2      | Reached XP level 4. HP: 39/39 MP: 2/9
  1937 | D:2      | Noticed Terence
  1942 | D:2      | Killed Terence
  2364 | D:3      | Reached XP level 5. HP: 45/45 MP: 5/11
  2370 | D:3      | Learned a level 4 spell: Fulminant Prism
  2806 | D:3      | Slain by a gnoll

Illustrated notes

Levels and vault maps discovered:
D:1:      enne_arrival_octagon_isle, layout_rooms, serial_glass,
          glass_columns_a, glass_columns_b, lemuel_flame_loot_1
D:2:      layout_basic, kennysheep_donut, chequers_serial_rivers_large_a,
          minmay_goblin_kobold_house, uniq_terence
D:3:      layout_loops_corners, kennysheep_jessica_study

Skill      XL: |  1  2  3  4 |
---------------+-------------+-----
Spellcasting   | 3 4 |  4.5
Conjurations   | 4 |  4.8
Dodging        | |  1.7
Stealth        | |  1.4
Hexes          | |  0.6

Action                     |  1- 3 |  4- 6 || total
---------------------------+-------+-------++-------
  Melee: Long sword        |       |    22 ||    22
         Headbutt          |       |     1 ||     1
   Cast: Magic Dart        |    55 |    54 ||   109
         Searing Ray       |     2 |     1 ||     3
 Armour: Robe              |     4 |    19 ||    23
  Dodge: Dodged            |     2 |    10 ||    12

Table legend: (Time is in decaauts)
 A = Elapsed time spent in this place.
 B = Non-inter-level travel time spent in this place.
 C = Inter-level travel time spent in this place.
 D = Time resting spent in this place.
 E = Time spent auto-exploring this place.
 F = Levels seen in this place.
 G = Mean time per level.
                   A        B        C        D        E       F      G
               +--------+--------+--------+--------+--------+-----+--------+
         Total |   2812 |   2731 |     81 |      8 |   2424 |   3 |  937.3 |
       Dungeon |   2812 |   2731 |     81 |      8 |   2424 |   3 |  937.3 |
               +--------+--------+--------+--------+--------+-----+--------+

Top non-repeatable levels by time:
     D:2: 1302 daAuts
     D:1: 1061 daAuts
     D:3: 448 daAuts
